 Dungeon Crawl Stone Soup version 0.29-a0-823-gc37b1572da (webtiles) character file.

Game seed: 6797664050373731233

15816 Anon1729 the Skirmisher (level 12, -4/95 HPs)
             Began as a Minotaur Monk on July 8, 2022.
             Was a High Priest of Hepliaklqana.
             Slain by Urug
             ... wielding a +3 eveningstar of holy wrath
              (8 damage)
             ... on level 11 of the Dungeon.
             The game lasted 00:14:52 (14782 turns).

Anon1729 the Skirmisher (Minotaur Monk)            Turns: 14782, Time: 00:14:52

Health: -4/95      AC: 20    Str: 23    XL:     12   Next: 4%
Magic:  16/16      EV: 13    Int:  7    God:    Hepliaklqana [*****.]
Gold:   541        SH:  0    Dex: 17    Spells: 11/11 levels left

rFire   . . .      SeeInvis .   b - +0 arbalest
rCold   . . .      Faith    +   (shield currently unavailable)
rNeg    . . .      Spirit   .   f - +3 chain mail
rPois   .          Reflect  .   (helmet restricted)
rElec   .          Harm     .   I - +2 cloak {Stlth+}
rCorr   .          Rampage  .   L - +1 pair of gloves
Will    .....                   (no boots)
Stlth   ++........              C - amulet of faith
HPRegen 0.25/turn               N - +6 ring of strength
MPRegen 0.15/turn               (no ring)

@: mighty
A: reduced essence, horns 2, retaliatory headbutt
a: Renounce Religion, Recall Ancestor, Ancestor Identity, Transference, Idealise


You were on level 11 of the Dungeon.
You worshipped Hepliaklqana.
Hepliaklqana was extremely pleased with you.
You visited 2 branches of the dungeon, and saw 12 of its levels.
You also visited: Sewer.

You collected 541 gold pieces.

Inventory:

Hand Weapons
 b - a +0 arbalest (weapon)
 w - the +3 mace of Valour {vamp, rN+ Str+2 SInv}
   (You found it on level 4 of the Dungeon)

   It occasionally heals its wielder for a portion of the damage dealt when it
   wounds a living foe.
   Str:       It affects your strength (+2).
   rN:        It protects you from negative energy.
   SInv:      It lets you see invisible.
 J - the +4 falchion of Uskayaw's Benevolence {flame, +Blink}
   (You found it on level 8 of the Dungeon)

   It burns those it strikes, dealing additional fire damage.
   Big, fiery blades are also staple armaments of hydra-hunters.
   +Blink:    It lets you blink.
 O - a +1 long sword of draining
Armour
 f - a +3 chain mail (worn)
 I - a +2 cloak of stealth (worn)
 L - a +1 pair of gloves (worn)
Jewellery
 C - an amulet of faith (around neck)
 E - a ring of magical power
 N - a +6 ring of strength (left hand)
Wands
 K - a wand of digging (7)
Scrolls
 a - a scroll of enchant armour {unknown}
 e - a scroll of blinking {unknown}
 h - 9 scrolls of identify {unknown}
 j - 4 scrolls of poison {unknown}
 n - 2 scrolls of amnesia {unknown}
 o - a scroll of brand weapon {unknown}
 p - 3 scrolls of teleportation {unknown}
 q - 3 scrolls of enchant weapon {unknown}
 u - 4 scrolls of immolation {unknown}
 v - 2 scrolls of magic mapping {unknown}
 y - 3 scrolls of vulnerability {unknown}
 B - a scroll of acquirement {unknown}
 D - 3 scrolls of fear {unknown}
 F - 3 scrolls of fog {unknown}
 M - a scroll of noise {unknown}
Potions
 c - 3 potions of ambrosia
 d - a potion of flight {unknown}
 g - 3 potions of lignification {unknown}
 i - 2 potions of haste {unknown}
 k - a potion of cancellation {unknown}
 m - a potion of heal wounds {unknown}
 r - 3 potions of attraction {unknown}
 s - 2 potions of might
 t - 4 potions of curing
 x - a potion of resistance {unknown}
 z - 2 potions of berserk rage {unknown}
 A - 3 potions of mutation {unknown}
 H - a potion of degeneration {unknown}
Miscellaneous
 l - a condenser vane (inert)


   Skills:
 + Level 9.7 Fighting
 - Level 4.9 Long Blades
 * Level 11.2 Ranged Weapons
 + Level 9.0 Armour
 + Level 9.0 Dodging
 + Level 7.0 Stealth
 + Level 7.2 Invocations


You had 11 spell levels left.
You didn't know any spells.
Your spell library contained the following spells:

 Spells                   Type           Power      Damage    Failure   Level
 Shock                    Conj/Air       0%         1d3       95%         1
 Swiftness                Air            0%         N/A       100%        3
 Airstrike                Air            0%         0-1+      100%        4


Dungeon Overview and Level Annotations

Branches:
Dungeon (11/15)            Temple (1/1) D:5            Lair (0/6) D:10
    Orc (0/2) D:11          Sewer (visited)

Altars:
Ashenzari
Cheibriados
Dithmenos
Elyvilon
Fedhas
Gozag
Hepliaklqana
Kikubaaqudgha
Makhleb
Nemelex Xobeh
Okawaru
Qazlal
Ru
Sif Muna
Trog
Wu Jian
Xom
Zin
The Shining One

Shops:
D:6 :   D:7 ?   D:9 *

Annotations:
D:11 Urug


Innate Abilities, Weirdness & Mutations

Your life essence is reduced to manifest your ancestor. (-10% HP)
You have a pair of horns on your head.
You reflexively headbutt those who attack you in melee.


Message History

Aim: Urug, wielding a +3 eveningstar of holy wrath, wearing a +0 chain mail and quivering javelins (lightly wounded, 62% to hit)
You shoot a bolt. The bolt hits Urug!
Urug is lightly wounded.
The skeletal warrior hits Necuametl with a +0 broad axe!
Necuametl hits the skeletal warrior with a +0 flail.
Urug hits you with a +3 eveningstar of holy wrath!!
The skeletal warrior hits Necuametl with a +0 broad axe.
Necuametl is destroyed!
Fire: b) +0 arbalest
Press: ? - help, Q - select action, (/) - cycle Shift-Dir - straight line, f/p - Urug
Aim: Urug, wielding a +3 eveningstar of holy wrath, wearing a +0 chain mail and quivering javelins (lightly wounded, 62% to hit)
You shoot a bolt. The bolt hits Urug!
Urug is heavily wounded.
Urug hits you with a +3 eveningstar of holy wrath!
* * * LOW HITPOINT WARNING * * *
Urug hits you but does no damage.
Fire: b) +0 arbalest
Press: ? - help, Q - select action, (/) - cycle Shift-Dir - straight line, f/p - Urug
Aim: Urug, wielding a +3 eveningstar of holy wrath, wearing a +0 chain mail and quivering javelins (heavily wounded, 62% to hit)
You shoot a bolt. The bolt hits Urug!
Urug is heavily wounded.
Urug completely misses you.
You feel better.
Urug hits you with a +3 eveningstar of holy wrath!!
* * * LOW HITPOINT WARNING * * *
Okay, then.
Okay, then.
Okay, then.
It was a potion of might.
You feel very mighty all of a sudden. Urug hits you but does no damage.
Okay, then.
Fire: b) +0 arbalest
Press: ? - help, Q - select action, (/) - cycle Shift-Dir - straight line, f/p - Urug
Aim: Urug, wielding a +3 eveningstar of holy wrath, wearing a +0 chain mail and quivering javelins (heavily wounded, 62% to hit)
You shoot a bolt. The bolt closely misses Urug.
The bolt hits the skeletal warrior but does no damage.
The skeletal warrior is heavily damaged.
Urug hits you with a +3 eveningstar of holy wrath!
You die...

..........#..#.......o......
.....#.#....##............
.......#...###.#........
.......#.#####.##.....# #
.........##.......#..# .#
.................##.## ### .#
..................z..# ##.##.#z.#
.................o..## #........#
................@...####)#.###..#
#............<).#....#.#.###
...........##..###........#
.......#..####......>##..##
..........#.##.......##........
.....................##...##...
.##..##....####.###.####.## #
..#.......## #.#...# ###
..........# #.....##


You could see Urug and a skeletal warrior.

Vanquished Creatures
  Snorg (D:10)
  A two-headed ogre (D:10)
  Nergalle (D:10)
  3 skeletal warriors
  An oklob plant (D:10)
  An ice statue (D:9)
  A gargoyle (D:11)
  3 shadows
  15 yaks
  3 acid dragons
  A sky beast (D:7)
  A black bear (D:6)
  2 ogres (D:4)
  11 centaurs
  A kobold brigand (D:8)
  A phantom (D:5)
  A necrophage (D:6)
  3 scorpions (D:7)
  3 bullfrogs
  2 wights (D:9)
  6 killer bees
  5 howler monkeys
  An electric eel (D:7)
  A crimson imp (D:6)
  4 hounds
  4 orc priests
  A jelly (D:8)
  Crazy Yiuf (D:7)
  4 orc wizards
  5 gnolls
  11 adders
  2 river rats (Sewer)
  A white imp (D:5)
  An ufetubus (D:5)
  A worm (D:3)
  3 dart slugs
  29 orcs
  10 ball pythons
  7 endoplasms
  2 giant cockroaches (D:3)
  5 goblins
  8 hobgoblins
  4 jackals (D:3)
  17 kobolds
  8 quokkas
  8 bats
  9 frilled lizards
  19 rats
233 creatures vanquished.

Vanquished Creatures (collateral kills)
  A two-headed ogre (D:9)
  A cyclops (D:9)
  Maggie (D:9)
  A hornet (D:7)
  6 yaks
  2 wyverns (D:8)
  2 steam dragons
  Menkaure (D:7)
  4 orc warriors
  7 centaurs
  A phantom (D:5)
  3 kobold brigands
  A scorpion (D:5)
  5 wights
  3 killer bees
  An electric eel (D:7)
  3 howler monkeys (D:10)
  3 crimson imps (D:6)
  A gnoll bouda (D:7)
  An orc priest (D:11)
  A hound (D:5)
  An iguana (D:5)
  3 orc wizards
  5 gnolls
  2 adders (D:4)
  A dart slug (D:5)
  14 orcs
  3 giant cockroaches
  3 goblins
  A hobgoblin (D:4)
  5 kobolds
  3 quokkas (D:4)
  2 ball pythons
92 creatures vanquished.

Vanquished Creatures (others)
  A cyclops (D:11)
  A kobold brigand (D:9)
  An orc wizard (D:11)
  11 knights
  A shadow imp (D:6)
  A plant (D:3)
16 creatures vanquished.

Grand Total: 341 creatures vanquished

Notes
Turn   | Place    | Note
-------+----------+-------------------------------------------
     0 | D:1      | Anon1729 the Minotaur Monk began the quest for the Orb.
     0 | D:1      | Reached XP level 1. HP: 19/19 MP: 0/0
   171 | D:1      | Reached XP level 2. HP: 27/27 MP: 1/1
   421 | D:1      | Reached skill level 1 in Armour
   443 | D:1      | Reached XP level 3. HP: 33/33 MP: 2/2
   837 | D:3      | Reached XP level 4. HP: 39/40 MP: 3/3
   956 | D:3      | Reached skill level 1 in Ranged Weapons
  1078 | D:3      | Found a hazy altar of Hepliaklqana.
  1091 | D:3      | Became a worshipper of Hepliaklqana the Forgotten
  1091 | D:3      | Reached * piety under Hepliaklqana
  1091 | D:3      | Reached ** piety under Hepliaklqana
  1092 | D:3      | Remembered your ancestor Necuametl as a knight
  1395 | D:3      | Reached XP level 5. HP: 11/41 MP: 4/4
  2206 | D:4      | Found a glowing drain.
  2231 | Sewer    | Entered a sewer
  2524 | Sewer    | Reached skill level 2 in Ranged Weapons
  2765 | D:4      | Reached skill level 1 in Invocations
  2765 | D:4      | Reached XP level 6. HP: 36/47 MP: 5/5
  3033 | D:4      | Reached skill level 3 in Ranged Weapons
  3121 | D:4      | Found a white marble altar of Elyvilon.
  3130 | D:4      | Identified the +3 mace of Valour {vamp, rN+ Str+2 SInv}
  3662 | D:5      | Entered Level 5 of the Dungeon
  3688 | D:5      | Reached XP level 7. HP: 47/54 MP: 7/7
  3697 | D:5      | Reached skill level 5 in Fighting
  4083 | D:5      | Found a staircase to the Ecumenical Temple.
  4097 | Temple   | Entered the Ecumenical Temple
  4238 | D:5      | Found a sparkling altar of Nemelex Xobeh.
  4272 | D:5      | Reached *** piety under Hepliaklqana
  4311 | D:5      | Identified the +1 robe of Xanick {Contam rPois rN+ Dex+2}
  4394 | D:5      | Reached skill level 4 in Ranged Weapons
  4527 | D:5      | Reached skill level 5 in Dodging
  4885 | D:6      | Found Tathrer's Book Boutique.
  4941 | D:6      | Noticed a steam dragon
  4949 | D:6      | Killed a steam dragon
  4950 | D:6      | Reached XP level 8. HP: 44/62 MP: 7/9
  5065 | D:6      | Reached skill level 5 in Ranged Weapons
  5653 | D:6      | Found a shimmering altar of Xom.
  5994 | D:7      | Noticed a hornet
  6003 | D:7      | Killed a hornet
  6311 | D:7      | Reached skill level 6 in Ranged Weapons
  6427 | D:7      | Found Tiruic's Magic Scroll Shop.
  6620 | D:7      | Reached skill level 5 in Armour
  6644 | D:7      | Found a runed translucent door.
  6645 | D:7      | Noticed Crazy Yiuf
  6680 | D:7      | Noticed Menkaure
  6686 | D:7      | Killed Menkaure
  6687 | D:7      | Reached XP level 9. HP: 57/70 MP: 10/10
  7561 | D:7      | Killed Crazy Yiuf
  7897 | D:8      | Reached skill level 7 in Ranged Weapons
  7932 | D:8      | Reached **** piety under Hepliaklqana
  7965 | D:8      | Identified the +4 falchion of Uskayaw's Benevolence {flame,
                  | +Blink}
  8153 | D:8      | Found a snail-covered altar of Cheibriados.
  8490 | D:8      | Reached skill level 5 in Stealth
  8582 | D:8      | Reached skill level 5 in Invocations
  8583 | D:8      | Reached XP level 10. HP: 27/77 MP: 12/12
  8938 | D:8      | Reached skill level 8 in Ranged Weapons
  9158 | D:9      | Noticed a cyclops
  9170 | D:9      | Killed a cyclops
  9643 | D:9      | Noticed a two-headed ogre
  9647 | D:9      | Killed a two-headed ogre
  9654 | D:9      | Reached skill level 9 in Ranged Weapons
  9842 | D:9      | Noticed an ice statue
 10334 | D:9      | Found Qazuv's Changing Room.
 10594 | D:9      | Noticed Maggie
 10597 | D:9      | Killed Maggie
 11149 | D:9      | Killed an ice statue
 11275 | D:9      | Found a stormy altar of Qazlal.
 11314 | D:10     | Entered Level 10 of the Dungeon
 11408 | D:10     | Reached XP level 11. HP: 85/85 MP: 14/14
 11450 | D:10     | Noticed an oklob plant
 11460 | D:10     | Killed an oklob plant
 11647 | D:10     | Found a staircase to the Lair.
 11935 | D:10     | Reached skill level 10 in Ranged Weapons
 11989 | D:10     | Noticed a two-headed ogre
 11995 | D:10     | Killed a two-headed ogre
 12247 | D:10     | Reached ***** piety under Hepliaklqana
 12995 | D:11     | Noticed Nergalle
 12996 | D:11     | Noticed Snorg
 13257 | D:10     | Killed Snorg
 13564 | D:10     | Killed Nergalle
 14060 | D:11     | Reached skill level 11 in Ranged Weapons
 14253 | D:11     | Found a staircase to the Orcish Mines.
 14437 | D:11     | Noticed a skeletal warrior
 14449 | D:11     | Killed a skeletal warrior
 14471 | D:11     | Noticed a skeletal warrior
 14474 | D:11     | Noticed a skeletal warrior
 14502 | D:10     | Killed a skeletal warrior
 14757 | D:11     | Killed a skeletal warrior
 14758 | D:11     | Reached XP level 12. HP: 95/95 MP: 16/16
 14766 | D:11     | Noticed Urug
 14780 | D:11     | HP: 3/95 [Urug/+3 eveningstar of holy wrath (19)]
 14782 | D:11     | Slain by Urug

Illustrated notes

Levels and vault maps discovered:
D:1:      wander_arrival_lonely_grave, layout_rooms
D:2:      layout_rooms, grunt_decor_one_mirror, chequers_serial_rivers_micro_b
D:3:      layout_basic, nicolae_hepliaklqana_hazy_memory, st_stairs_3,
          serial_bayou_pond_e
D:4:      layout_basic, elyvilon_altar_4, portal_sewer_entry_f
D:5:      layout_basic, nemelex_spade_bored_becter, minmay_temple_entry_ruins
D:6:      layout_basic, led_xom_imps, serial_shops, shop_fountains
D:7:      layout_rooms, serial_shops, nicolae_inconvenience_store, serial_glass,
          glass_columns_a, glass_columns_b, uniq_crazy_yiuf_cottage,
          uniq_menkaure
D:8:      layout_gridville, kennysheep_mini_moat
D:9:      minmay_general_purpose_star, layout_basic, marbit_many_paths,
          nicolae_transmutations_shop, minivault_16, uniq_maggie
D:10:     layout_gridville, dpeg_oklobed_lair
D:11:     layout_cave_pools, hiddenorc2_lemuel, uniq_nergalle, uniq_snorg,
          uniq_urug
Temple:   nicolae_temple_elliptical

Skill      XL: |  1  2  3  4  5  6  7  8  9 10 11 |
---------------+----------------------------------+-----
Long Blades    | 4 |  4.9
Armour         | 1 2 3 5 6 7 9 |  9.0
Fighting       | 4 5 6 7 8 9 |  9.7
Stealth        | 2 3 4 5 6 7 |  7.0
Ranged Weapons | 1 2 3 4 6 7 9 11 | 11.2
Dodging        | 4 5 6 7 9 |  9.0
Invocations    | 1 2 3 5 6 7 |  7.2

Action                   |  1- 3 |  4- 6 |  7- 9 | 10-12 || total
-------------------------+-------+-------+-------+-------++-------
Melee: Falchion          |   105 |   217 |   123 |       ||   445
       Headbutt          |    12 |    32 |    34 |       ||    78
       Punch             |     4 |     2 |     2 |       ||     8
       Long sword        |       |       |    72 |       ||    72
 Fire: Arbalest          |       |       |    47 |   363 ||   410
Invok: Ancestor Life: Kn |       |     1 |       |       ||     1
       Recall Ancestor   |       |       |       |     1 ||     1
       Transference      |       |       |       |     1 ||     1
Evoke: Condenser vane    |       |       |       |     1 ||     1
  Use: Potion            |       |       |       |     2 ||     2
Armor: Robe              |     5 |       |       |       ||     5
       Chain mail        |    62 |   151 |   168 |   226 ||   607
Dodge: Dodged            |    48 |    98 |   140 |   233 ||   519

Table legend: (Time is in decaauts)
 A = Elapsed time spent in this place.
 B = Non-inter-level travel time spent in this place.
 C = Inter-level travel time spent in this place.
 D = Time resting spent in this place.
 E = Time spent auto-exploring this place.
 F = Levels seen in this place.
 G = Mean time per level.
                   A        B        C        D        E       F      G
               +--------+--------+--------+--------+--------+-----+--------+
         Total |  15185 |  14528 |    657 |   2054 |  10186 |  13 | 1168.1 |
       Dungeon |  14528 |  13904 |    624 |   2054 |   9734 |  11 | 1320.7 |
        Temple |    104 |     71 |     33 |      0 |     63 |   1 |  104.0 |
         Sewer |    552 |    552 |      0 |      0 |    388 |   1 |  552.0 |
               +--------+--------+--------+--------+--------+-----+--------+

Top non-repeatable levels by time:
    D:10: 2614 daAuts
     D:9: 2290 daAuts
     D:7: 1745 daAuts
     D:8: 1473 daAuts
     D:3: 1270 daAuts
     D:4: 1224 daAuts
     D:6: 1119 daAuts
    D:11: 1019 daAuts
     D:5: 929 daAuts
   Sewer: 552 daAuts
     D:1: 540 daAuts
     D:2: 300 daAuts
  Temple: 104 daAuts
